 Dungeon Crawl Stone Soup version 0.31-a0-174-g85c54bcb58 (webtiles) character file.

Game seed: 3919135626590268364

33278 qw the Cleaver (level 13, -11/84 HPs)
             Began as a Gargoyle Fighter on June 15, 2023.
             Was a High Priest of Okawaru.
             Mangled by a naga
             ... wielding a +1 war axe of freezing
              (15 damage)
             ... on level 3 of the Lair of Beasts.
             The game lasted 00:08:20 (15817 turns).

qw the Cleaver (Gargoyle Fighter)                  Turns: 15817, Time: 00:08:21

Health: -11/84     AC: 35    Str: 25    XL:     13   Next: 70%
Magic:  19/20      EV: 11    Int:  9    God:    Okawaru [*****.]
Gold:   361        SH:  6    Dex:  9    Spells: 12/12 levels left

rFire   . . .        z - +0 broad axe
rCold   . . .        c - +0 buckler
rNeg    + . .        q - +0 plate armour
rPois   inf          o - +2 helmet
rElec   +            r - +0 cloak {rCorr}
rCorr   +            s - +2 pair of gloves
SInv    +            (no boots)
Will    .....        f - amulet of faith Stlth
                     w - ring of see invisible
HPRegen 0.34/turn    a - +5 ring of evasion
MPRegen 0.17/turn

%: faith
@: about to teleport, heroic, constricted
A: sickness immunity, AC +9, negative energy resistance 1, electricity
resistance, torment resistance 1, petrification resistance
a: Renounce Religion, Heroism, Finesse, Duel


You were on level 3 of the Lair of Beasts.
You worshipped Okawaru.
Okawaru was extremely pleased with you.
You visited 3 branches of the dungeon, and saw 15 of its levels.
You also visited: Ossuary and Gauntlet.

You collected 841 gold pieces.
You spent 480 gold pieces at shops.


Innate Abilities, Weirdness & Mutations

You are immune to sickness and miasma.
Your stone body is resilient. (AC +9)
You are immune to poison.
You resist negative energy. (rN+)
You are resistant to electric shocks. (rElec)
You are resistant to unholy torment.
You are immune to petrification.


   Skills:
 - Level 11.0(16.0) Fighting
 - Level 14.0(19.0) Axes
 - Level 4.1(9.1) Throwing
 - Level 10.1(15.1) Armour
 - Level 2.2(7.2) Dodging
 + Level 6.9(11.9) Shields
 - Level 10.0 Invocations


You had 12 spell levels left.
You didn't know any spells.
Your spell library was empty.

Inventory:

Hand Weapons
 k - a +1 flail of holy wrath
 m - a +3 mace of holy wrath
 z - a +0 broad axe (weapon)
Missiles
 p - 4 boomerangs
 y - 6 javelins (quivered)
 D - a boomerang of dispersal
Armour
 c - a +0 buckler (worn)
 o - a +2 helmet (worn)
 q - a +0 plate armour (worn)
 r - a +0 cloak of preservation (worn)
 s - a +2 pair of gloves (worn)
Jewellery
 a - a +5 ring of evasion (right hand)
 b - a ring of ice
 f - an amulet of faith (around neck)
 g - an amulet of the acrobat
 j - a ring of protection from fire
 l - a ring of protection from fire
 w - a ring of see invisible (left hand)
 A - a +6 ring of dexterity
 C - a ring of protection from cold
Wands
 t - a wand of digging (2)
Scrolls
 i - 5 scrolls of identify
Potions
 d - 5 potions of might
 e - 2 potions of magic
 h - 3 potions of attraction
 n - 3 potions of mutation
 u - 4 potions of curing
 v - 2 potions of lignification
 x - 2 potions of resistance

Dungeon Overview and Level Annotations

Branches:
Dungeon (11/15)            Temple (1/1) D:6            Lair (3/5) D:11
  Swamp (0/4) Lair:2        Snake (0/4) Lair:3          Orc (0/2) D:10
Ossuary (visited)         Gauntlet (visited)

Altars:
Ashenzari
Cheibriados
Dithmenos
Elyvilon
Fedhas
Gozag
Hepliaklqana
Kikubaaqudgha
Makhleb
Nemelex Xobeh
Okawaru
Qazlal
Ru
Sif Muna
Trog
Uskayaw
Vehumet
Wu Jian
Xom
Yredelemnul
Zin
The Shining One

Shops:
D:1 =   D:7 (:(**=[   D:10 [

Annotations:
D:10 2 runed translucent doors


Message History

The naga grabs you. The naga constricts you.
You slash the naga!
The naga is heavily wounded.
You hit the naga. The naga completely misses you.
The naga hits you from afar with a +0 trident.
You barely miss the naga.
The naga is heavily wounded.
You closely miss the naga. You block the naga's attack.
The naga constricts you. The naga hits you but does no damage.
You closely miss the naga.
The naga is heavily wounded.
You slash the naga! You block the naga's attack. The naga closely misses you.
The naga constricts you.
You barely miss the naga.
The naga is heavily wounded.
You hit the naga but do no damage. The naga hits you but does no damage.
The naga barely misses you.
You hit the naga.
The naga is heavily wounded.
You closely miss the naga. The naga spits poison at you.
You block the splash of poison. The naga constricts you.
The naga spits poison at you. The splash of poison misses you.
You slash the naga!
The naga is almost dead.
You hit the naga but do no damage. The naga hits you but does no damage.
The naga hits you with a +1 war axe of freezing!
The naga freezes you. The naga constricts you.
15817 ||| READING scroll of teleportation.
As you read the scroll of teleportation, it crumbles to dust.
You feel strangely unstable. The naga spits poison at you.
You block the splash of poison. You block the naga's attack.
The naga hits you with a +1 war axe of freezing!
You die...

....###. ###
##..####..... ..... .#
.# ###...##P......
....## ... ..#
##.#..####...... .#.#
..##.....# ##.....
........##....# #......
#.>.#...#....#####.#P[P
...N...#....%..)..####
...#.#.#.#..........###.
#.....N@.#...........###
##...#N#.#......##..#.##
##......##.####.##..#..
##......).# ####.....
########## #..... #.(...
##..... #######....).
#####P#..#.......


You could see 3 nagas.

Vanquished Creatures
  A quicksilver ooze (Gauntlet)
  A minotaur (Gauntlet)
  3 hydras
  A catoblepas (Lair:1)
  A boulder beetle (D:11)
  2 two-headed ogres
  Nergalle (Lair:2)
  3 bog bodies (Lair:2)
  A cyclops (D:11)
  A manticore (D:11)
  6 elephants (Lair:3)
  A black mamba (Lair:3)
  6 cane toads
  An unseen horror (D:10)
  5 komodo dragons
  An efreet (D:10)
  An ice devil (Gauntlet)
  A troll (D:9)
  A polar bear (Lair:1)
  Prince Ribbit (D:7)
  3 blink frogs (Lair:1)
  5 wyverns
  3 shadows
  Sigmund (D:5)
  4 wraiths
  43 yaks
  A vampire (D:10)
  2 basilisks
  2 steam dragons (D:7)
  A fire elemental (Lair:1)
  3 vampire mosquitoes (D:11)
  3 chaos spawn (Gauntlet)
  3 wargs (D:11)
  2 nagas (Lair:3)
  A neqoxec (Gauntlet)
  2 swamp worms (Lair:2)
  8 water moccasins
  An ice beast (D:6)
  6 orc warriors
  3 ogres
  3 sky beasts
  14 wolves
  6 centaurs
  2 kobold brigands (D:8)
  2 phantoms (D:6)
  Blork the orc (D:4)
  13 bullfrogs
  A gnoll sergeant (D:6)
  3 scorpions
  8 wights
  6 killer bees (D:8)
  2 electric eels
  8 howler monkeys
  6 hounds
  A jelly (D:6)
  A human zombie (Ossuary)
  7 orc priests
  4 iguanas
  Terence (D:2)
  9 orc wizards
  Natasha (D:2)
  3 mummies (Ossuary)
  7 adders
  A shadow imp (D:6)
  6 white imps
  3 ufetubi (D:6)
  2 worms
  3 dart slugs
  50 orcs
  5 ball pythons
  12 endoplasms
  5 giant cockroaches
  A gnoll zombie (D:8)
  7 goblins
  7 hobgoblins
  6 jackals
  15 kobolds
  7 quokkas
  6 bats
  3 frilled lizards
  2 hobgoblin zombies (Ossuary)
  4 kobold zombies (Ossuary)
  2 rats (D:1)
392 creatures vanquished.

Notes
Turn   | Place    | Note
-------+----------+-------------------------------------------
     0 | D:1      | qw the Gargoyle Fighter began the quest for the Orb.
     0 | D:1      | Reached XP level 1. HP: 14/14 MP: 1/1
     0 | D:1      | 0 ||| qw: Version: 0.2-a-29-g511e9b1
     0 | D:1      | 0 ||| qw: Game counter: 5233
     0 | D:1      | 0 ||| qw: Always use a shield: true
     0 | D:1      | 0 ||| qw: God list: Okawaru
     0 | D:1      | 0 ||| qw: Allow faded altars: false
     0 | D:1      | 0 ||| qw: Do Orc after D:15 true
     0 | D:1      | 0 ||| qw: Do second Lair branch before Depths: true
     0 | D:1      | 0 ||| qw: Lair rune preference: random
     0 | D:1      | 0 ||| qw: Plans: Normal, Zot:1-4, Slime:5, God:TSO, Crypt,
                  | Tomb, Abyss, Pan, Hells, Win
     0 | D:1      | 0 ||| PLANNING D:1-11
    44 | D:1      | 44 ||| Stepping ~*~*~tactically~*~*~ (stealth).
    47 | D:1      | Reached skill level 2 in Axes
    57 | D:1      | Reached XP level 2. HP: 13/19 MP: 2/2
   132 | D:1      | 132 ||| Stepping ~*~*~tactically~*~*~ (hiding).
   428 | D:1      | Reached skill level 3 in Axes
   457 | D:1      | Found a faded altar of an unknown god.
   478 | D:1      | 478 ||| DROPPING +0 club.
   493 | D:1      | Reached XP level 3. HP: 16/23 MP: 3/3
   963 | D:1      | Found Ficuse's Jewellery Boutique.
   971 | D:1      | 971 ||| SHOPLISTING +6 ring of dexterity (504 gold, have
                  | 63).
   971 | D:1      | 971 ||| SHOPLISTING +6 ring of strength (504 gold, have
                  | 63).
   971 | D:1      | 971 ||| SHOPLISTING amulet of faith (560 gold, have 63).
   971 | D:1      | 971 ||| SHOPLISTING ring of resist corrosion (280 gold,
                  | have 63).
  1063 | D:1      | 1063 ||| UPGRADING to ring of protection from fire.
  1064 | D:1      | 1064 ||| READING scroll labelled AFAHOK MIFAHIUCK.
  1065 | D:1      | 1065 ||| READING scroll labelled OSEAP GIFRIEF.
  1066 | D:1      | 1066 ||| READING 2 scrolls labelled PONINIABRE.
  1067 | D:1      | 1067 ||| READING 2 scrolls labelled ESTRIL QUHO.
  1068 | D:1      | 1068 ||| DRINKING 2 sedimented silvery potions.
  1069 | D:1      | 1069 ||| DROPPING scroll of blinking.
  1114 | D:2      | 1114 ||| Stepping ~*~*~tactically~*~*~ (stealth).
  1449 | D:2      | Identified the +9 falchion of Walej {protect, rPois}
  1605 | D:2      | Noticed Terence
  1618 | D:2      | Killed Terence
  1619 | D:2      | Reached skill level 4 in Axes
  1619 | D:2      | Reached XP level 4. HP: 28/28 MP: 4/4
  1660 | D:2      | 1660 ||| DROPPING +0 whip.
  1864 | D:2      | 1864 ||| Stepping ~*~*~tactically~*~*~ (hiding).
  2015 | D:2      | Noticed Natasha
  2022 | D:2      | Killed Natasha
  2023 | D:2      | Reached XP level 5. HP: 15/32 MP: 5/5
  2235 | D:2      | 2235 ||| UPGRADING to +0 chain mail.
  2245 | D:2      | 2245 ||| DROPPING +0 scale mail.
  2246 | D:2      | 2246 ||| UPGRADING to +5 ring of evasion.
  2247 | D:2      | 2247 ||| READING scroll labelled RYMNE HEWN.
  2248 | D:2      | 2248 ||| READING scroll labelled ITHRUC MENLASCH.
  2265 | D:2      | 2265 ||| Stepping ~*~*~tactically~*~*~ (stealth).
  2352 | D:3      | 2352 ||| Stepping ~*~*~tactically~*~*~ (stealth).
  2817 | D:3      | Reached skill level 5 in Axes
  2828 | D:3      | 2828 ||| READING scroll labelled HYEGOUCHEL.
  2829 | D:3      | 2829 ||| READING 2 scrolls of identify.
  2829 | D:3      | 2829 ||| IDENTIFYING orange potion
  2934 | D:4      | Noticed a sky beast
  2946 | D:4      | Killed a sky beast
  2947 | D:4      | Reached XP level 6. HP: 37/37 MP: 6/6
  2951 | D:4      | 2951 ||| Stepping ~*~*~tactically~*~*~ (stealth).
  2963 | D:4      | HP: 3/37 [orc priest/divine providence (17)]
  2964 | D:4      | 2964 ||| READING 2 scrolls of teleportation.
  2965 | D:4      | 2965 ||| DRINKING potion of heal wounds.
  3182 | D:4      | Noticed Blork the orc
  3183 | D:4      | 3183 ||| Stepping ~*~*~tactically~*~*~ (hiding).
  3201 | D:4      | Killed Blork the orc
  3202 | D:4      | Reached XP level 7. HP: 23/44 MP: 7/7
  3291 | D:4      | 3291 ||| Stepping ~*~*~tactically~*~*~ (hiding).
  3413 | D:4      | Identified the +2 robe of Dogma {-Tele Int+5}
  3432 | D:4      | 3432 ||| Stepping ~*~*~tactically~*~*~ (hiding).
  4001 | D:5      | Entered Level 5 of the Dungeon
  4051 | D:5      | Reached skill level 6 in Axes
  4099 | D:5      | Reached skill level 1 in Dodging
  4186 | D:5      | Noticed Sigmund
  4196 | D:5      | Killed Sigmund
  4197 | D:5      | Reached skill level 7 in Axes
  4197 | D:5      | Reached XP level 8. HP: 45/48 MP: 8/8
  4257 | D:5      | Identified the +8 short sword of Excruciating Pain {drain,
                  | Str+2 Dex+5}
  4451 | D:5      | Found a sacrificial altar of Ru.
  4454 | D:5      | Found a glowing golden altar of the Shining One.
  4458 | D:5      | Found a shadowy altar of Dithmenos.
  4459 | D:5      | Found a hazy altar of Hepliaklqana.
  4460 | D:5      | Found a bloodstained altar of Trog.
  4461 | D:5      | Found a sparkling altar of Nemelex Xobeh.
  4462 | D:5      | Found a snail-covered altar of Cheibriados.
  4558 | D:5      | You fall into a shaft and drop 1 floor!
  4574 | D:6      | 4574 ||| UPGRADING to +0 plate armour.
  4584 | D:6      | 4584 ||| DROPPING +0 chain mail.
  4585 | D:6      | 4585 ||| UPGRADING to +0 pair of gloves.
  4590 | D:6      | 4590 ||| READING scroll labelled TISHIOMNAO.
  4591 | D:6      | 4591 ||| READING 2 scrolls labelled ONAONW DEAR.
  4592 | D:6      | 4592 ||| READING scroll labelled KOFFUACZAN.
  4593 | D:6      | 4593 ||| DRINKING 2 pink potions.
  4668 | D:6      | 4668 ||| READING 2 scrolls of identify.
  4668 | D:6      | 4668 ||| IDENTIFYING silvery potion
  4669 | D:6      | 4669 ||| DROPPING potion of berserk rage.
  4670 | D:6      | 4670 ||| DROPPING scroll of amnesia.
  4675 | D:6      | Found a staircase to the Ecumenical Temple.
  4676 | D:6      | 4676 ||| PLANNING TEMPLE
  4685 | Temple   | Entered the Ecumenical Temple
  4695 | Temple   | 4695 ||| PLANNING OKAWARU WORSHIP
  4881 | Temple   | Became a worshipper of Warmaster Okawaru
  4882 | Temple   | 4882 ||| PLANNING D:1-11
  4910 | D:6      | 4910 ||| FLEEEEING.
  4913 | D:6      | 4913 ||| FLEEEEING.
  4914 | D:6      | 4914 ||| FLEEEEING.
  4918 | D:6      | 4918 ||| Stepping ~*~*~tactically~*~*~ (stealth).
  4924 | D:6      | 4924 ||| Stepping ~*~*~tactically~*~*~ (hiding).
  4935 | D:6      | Reached skill level 8 in Axes
  5329 | D:6      | Reached skill level 6 in Fighting
  5604 | D:6      | 5604 ||| Stepping ~*~*~tactically~*~*~ (stealth).
  5606 | D:6      | Reached * piety under Okawaru
  5620 | D:6      | Reached skill level 1 in Invocations
  5620 | D:6      | Reached XP level 9. HP: 43/55 MP: 8/10
  5685 | D:6      | 5685 ||| Stepping ~*~*~tactically~*~*~ (hiding).
  5686 | D:6      | 5686 ||| Stepping ~*~*~tactically~*~*~ (stealth).
  5710 | D:6      | 5710 ||| Stepping ~*~*~tactically~*~*~ (stealth).
  5717 | D:6      | 5717 ||| Stepping ~*~*~tactically~*~*~ (stealth).
  5787 | D:6      | 5787 ||| Stepping ~*~*~tactically~*~*~ (stealth).
  5818 | D:6      | 5818 ||| Stepping ~*~*~tactically~*~*~ (stealth).
  5926 | D:6      | 5926 ||| UPGRADING to +0 helmet.
  5931 | D:6      | 5931 ||| READING scroll labelled DUEFRU MA TOH.
  6032 | D:6      | 6032 ||| DRINKING 2 white potions.
  6033 | D:6      | 6033 ||| READING 2 scrolls of identify.
  6033 | D:6      | 6033 ||| IDENTIFYING fuming coppery potion
  6034 | D:6      | 6034 ||| DROPPING potion of enlightenment.
  6035 | D:6      | 6035 ||| DROPPING potion of brilliance.
  6050 | D:7      | 6050 ||| Stepping ~*~*~tactically~*~*~ (hiding).
  6051 | D:7      | 6051 ||| Stepping ~*~*~tactically~*~*~ (hiding).
  6057 | D:7      | Reached skill level 3 in Invocations
  6131 | D:7      | 6131 ||| Stepping ~*~*~tactically~*~*~ (hiding).
  6133 | D:7      | 6133 ||| Stepping ~*~*~tactically~*~*~ (hiding).
  6152 | D:7      | 6152 ||| INVOKING Heroism.
  6168 | D:7      | 6168 ||| INVOKING Heroism.
  6172 | D:7      | Found Umuuf's Jewellery Emporium.
  6172 | D:7      | Found Guibigg's Weapon Boutique.
  6183 | D:7      | Reached skill level 9 in Axes
  6189 | D:7      | Found Vasiw's Assorted Antiques.
  6189 | D:7      | Found Leuroh's Book Shop.
  6219 | D:7      | Found Zusamypp's Assorted Antiques.
  6219 | D:7      | Found Yker's Antique Weapon Boutique.
  6223 | D:7      | 6223 ||| SHOPLISTING +4 ring of protection (396 gold, have
                  | 319).
  6223 | D:7      | 6223 ||| SHOPLISTING +5 ring of evasion (396 gold, have
                  | 319).
  6223 | D:7      | 6223 ||| SHOPLISTING amulet of guardian spirit (330 gold,
                  | have 319).
  6223 | D:7      | 6223 ||| SHOPLISTING amulet of the acrobat (330 gold, have
                  | 319).
  6223 | D:7      | 6223 ||| BUYING ring of ice (275 gold).
  6223 | D:7      | Bought a ring of ice for 275 gold pieces
  6225 | D:7      | 6225 ||| SHOPLISTING potion of heal wounds (160 gold, have
                  | 44).
  6225 | D:7      | 6225 ||| SHOPLISTING scroll of teleportation (96 gold, have
                  | 44).
  6227 | D:7      | 6227 ||| SHOPLISTING pair of glowing gloves (187 gold, have
                  | 44).
  6227 | D:7      | 6227 ||| BUYING scroll labelled YTSICHI FUETS (25 gold).
  6227 | D:7      | Bought a scroll labelled YTSICHI FUETS for 25 gold pieces
  6227 | D:7      | 6227 ||| SHOPLISTING scroll of teleportation (75 gold, have
                  | 19).
  6264 | D:7      | 6264 ||| SHOPLISTING +7 hand axe "Cadedak" {flame, Int+3}
                  | (751 gold, have 19).
  6333 | D:7      | Noticed Prince Ribbit
  6334 | D:7      | 6334 ||| INVOKING Heroism.
  6339 | D:7      | Killed Prince Ribbit
  6523 | D:7      | 6523 ||| Stepping ~*~*~tactically~*~*~ (hiding).
  6580 | D:7      | 6580 ||| Stepping ~*~*~tactically~*~*~ (hiding).
  6581 | D:7      | 6581 ||| Stepping ~*~*~tactically~*~*~ (hiding).
  6582 | D:7      | 6582 ||| Stepping ~*~*~tactically~*~*~ (hiding).
  6586 | D:7      | 6586 ||| INVOKING Heroism.
  6596 | D:7      | Reached skill level 6 in Armour
  6597 | D:7      | 6597 ||| Stepping ~*~*~tactically~*~*~ (stealth).
  6616 | D:7      | 6616 ||| Stepping ~*~*~tactically~*~*~ (hiding).
  6774 | D:7      | 6774 ||| INVOKING Heroism.
  6894 | D:7      | Found Zocwuraqoast's Antique Armour Emporium.
  6903 | D:7      | 6903 ||| SHOPLISTING embroidered scarf (248 gold, have 88).
  6935 | D:7      | 6935 ||| READING scroll labelled YTSICHI FUETS.
  6936 | D:7      | 6936 ||| READING 2 scrolls labelled NEHIMU VICOSSY.
  6937 | D:7      | 6937 ||| READING scroll of enchant armour.
  6937 | D:7      | 6937 ||| ENCHANTING +0 pair of gloves.
  6938 | D:7      | 6938 ||| READING 2 scrolls of identify.
  6938 | D:7      | 6938 ||| IDENTIFYING inky potion
  6971 | D:8      | 6971 ||| PLANNING OSSUARY
  6971 | D:8      | 6971 ||| INVOKING Heroism.
  7006 | D:8      | 7006 ||| DROPPING +0 flail.
  7012 | D:8      | Found a sand-covered staircase.
  7024 | Ossuary  | Entered an ossuary
  7061 | Ossuary  | 7061 ||| Stepping ~*~*~tactically~*~*~ (stealth).
  7078 | Ossuary  | Reached XP level 10. HP: 55/63 MP: 13/13
  7408 | Ossuary  | 7408 ||| INVOKING Heroism.
  7474 | Ossuary  | 7474 ||| UPGRADING to ring of see invisible.
  7476 | Ossuary  | 7476 ||| DRINKING 4 black potions.
  7477 | Ossuary  | 7477 ||| DRINKING 2 bubbling blue potions.
  7478 | Ossuary  | 7478 ||| READING 3 scrolls of identify.
  7478 | Ossuary  | 7478 ||| IDENTIFYING fuming silvery potion
  7479 | Ossuary  | 7479 ||| READING 2 scrolls of identify.
  7479 | Ossuary  | 7479 ||| IDENTIFYING bubbling coppery potion
  7480 | Ossuary  | 7480 ||| DROPPING potion of ambrosia.
  7481 | Ossuary  | 7481 ||| DROPPING potion of degeneration.
  7514 | D:8      | 7514 ||| PLANNING D:1-11
  7529 | D:8      | 7529 ||| Stepping ~*~*~tactically~*~*~ (hiding).
  7530 | D:8      | Found a blossoming altar of Fedhas.
  7532 | D:8      | Found a white marble altar of Elyvilon.
  7554 | D:8      | Reached ** piety under Okawaru
  7564 | D:8      | Reached skill level 10 in Axes
  7580 | D:8      | 7580 ||| INVOKING Heroism.
  7726 | D:8      | 7726 ||| Stepping ~*~*~tactically~*~*~ (stealth).
  7735 | D:8      | 7735 ||| Stepping ~*~*~tactically~*~*~ (stealth).
  7798 | D:8      | 7798 ||| INVOKING Heroism.
  7822 | D:8      | Noticed a two-headed ogre
  7896 | D:8      | 7896 ||| READING scroll of enchant weapon.
  7896 | D:8      | 7896 ||| ENCHANTING +1 war axe.
  7904 | D:8      | 7904 ||| INVOKING Heroism.
  7913 | D:8      | Killed a two-headed ogre
  7914 | D:8      | Reached skill level 6 in Shields
  8047 | D:8      | 8047 ||| READING scroll of enchant weapon.
  8047 | D:8      | 8047 ||| ENCHANTING +2 war axe.
  8203 | D:9      | 8203 ||| INVOKING Heroism.
  8372 | D:9      | Found a hide-covered altar of Uskayaw.
  8374 | D:9      | 8374 ||| READING scroll of enchant armour.
  8374 | D:9      | 8374 ||| ENCHANTING +1 pair of gloves.
  8395 | D:9      | 8395 ||| INVOKING Heroism.
  8419 | D:9      | 8419 ||| INVOKING Heroism.
  8436 | D:9      | 8436 ||| Stepping ~*~*~tactically~*~*~ (stealth).
  8438 | D:9      | 8438 ||| Stepping ~*~*~tactically~*~*~ (stealth).
  8512 | D:9      | Noticed a two-headed ogre
  8513 | D:9      | 8513 ||| INVOKING Heroism.
  8523 | D:9      | Killed a two-headed ogre
  8524 | D:9      | Reached skill level 11 in Axes
  8524 | D:9      | Reached XP level 11. HP: 64/68 MP: 12/14
  8538 | D:9      | 8538 ||| Stepping ~*~*~tactically~*~*~ (stealth).
  8763 | D:9      | 8763 ||| Stepping ~*~*~tactically~*~*~ (stealth).
  8764 | D:9      | 8764 ||| Stepping ~*~*~tactically~*~*~ (stealth).
  8766 | D:9      | 8766 ||| Stepping ~*~*~tactically~*~*~ (stealth).
  8767 | D:9      | 8767 ||| Stepping ~*~*~tactically~*~*~ (stealth).
  8769 | D:9      | 8769 ||| Stepping ~*~*~tactically~*~*~ (hiding).
  8770 | D:9      | 8770 ||| INVOKING Heroism.
  9050 | D:9      | 9050 ||| UPGRADING to +5 war axe.
  9051 | D:9      | 9051 ||| DROPPING +3 war axe.
  9296 | D:9      | 9296 ||| READING 2 scrolls of identify.
  9296 | D:9      | 9296 ||| IDENTIFYING fizzy black potion
  9338 | D:10     | Entered Level 10 of the Dungeon
  9340 | D:10     | Found a staircase to the Orcish Mines.
  9400 | D:10     | Found a runed translucent door.
  9414 | D:10     | Reached *** piety under Okawaru
  9415 | D:10     | Reached skill level 9 in Fighting
  9430 | D:10     | 9430 ||| DRINKING 3 potions of curing.
  9430 | D:10     | 9430 ||| (to cure confusion)
  9443 | D:10     | Found the +10 tower shield of Ignorance {rN+ Int-4}
  9462 | D:10     | Found a runed translucent door.
  9463 | D:10     | Noticed an orange crystal statue
  9634 | D:10     | Noticed a four-headed hydra
  9635 | D:10     | 9635 ||| INVOKING Heroism.
  9641 | D:10     | 9641 ||| SWAPPING to +1 flail of holy wrath.
  9649 | D:10     | HP: 15/71 [four-headed hydra (9)]
  9650 | D:10     | 9650 ||| READING 3 scrolls of teleportation.
  9651 | D:10     | 9651 ||| DRINKING potion of heal wounds.
  9805 | D:10     | 9805 ||| UPGRADING to +5 war axe.
 10132 | D:10     | 10132 ||| READING scroll of enchant armour.
 10132 | D:10     | 10132 ||| ENCHANTING +0 helmet.
 10185 | D:10     | 10185 ||| Stepping ~*~*~tactically~*~*~ (stealth).
 10188 | D:10     | 10188 ||| Stepping ~*~*~tactically~*~*~ (hiding).
 10223 | D:10     | Found Zosmas's Antique Armour Shop.
 10234 | D:10     | 10234 ||| DRINKING 2 potions of curing.
 10234 | D:10     | 10234 ||| (to cure confusion)
 10243 | D:10     | 10243 ||| BUYING embroidered cloak (180 gold).
 10243 | D:10     | Bought an embroidered cloak for 180 gold pieces
 10243 | D:10     | 10243 ||| SHOPLISTING faintly glowing chain mail (228 gold,
                  | have 29).
 10243 | D:10     | 10243 ||| SHOPLISTING runed hat (168 gold, have 29).
 10257 | D:10     | 10257 ||| INVOKING Heroism.
 10263 | D:10     | 10263 ||| SWAPPING to +1 flail of holy wrath.
 10269 | D:10     | Killed a four-headed hydra
 10270 | D:10     | HP: 17/71 [centaur/+0 war axe (8)]
 10271 | D:10     | 10271 ||| READING 2 scrolls of teleportation.
 10464 | D:10     | 10464 ||| UPGRADING to +5 war axe.
 10666 | D:10     | Reached skill level 12 in Axes
 10666 | D:10     | 10666 ||| INVOKING Heroism.
 10816 | D:10     | 10816 ||| UPGRADING to +0 cloak of preservation.
 10821 | D:10     | 10821 ||| READING scroll labelled TEXTUAQIOTOES.
 10822 | D:10     | 10822 ||| READING 2 scrolls of identify.
 10822 | D:10     | 10822 ||| IDENTIFYING clear potion
 10823 | D:10     | 10823 ||| DROPPING potion of invisibility.
 10860 | D:11     | 10860 ||| Stepping ~*~*~tactically~*~*~ (stealth).
 10864 | D:11     | 10864 ||| Stepping ~*~*~tactically~*~*~ (hiding).
 10881 | D:11     | 10881 ||| Stepping ~*~*~tactically~*~*~ (stealth).
 10883 | D:11     | 10883 ||| Stepping ~*~*~tactically~*~*~ (hiding).
 10885 | D:11     | 10885 ||| Stepping ~*~*~tactically~*~*~ (hiding).
 10896 | D:11     | 10896 ||| INVOKING Heroism.
 10909 | D:11     | 10909 ||| Stepping ~*~*~tactically~*~*~ (stealth).
 10911 | D:11     | 10911 ||| Stepping ~*~*~tactically~*~*~ (hiding).
 10937 | D:11     | 10937 ||| Stepping ~*~*~tactically~*~*~ (stealth).
 10938 | D:11     | 10938 ||| Stepping ~*~*~tactically~*~*~ (stealth).
 10939 | D:11     | 10939 ||| Stepping ~*~*~tactically~*~*~ (stealth).
 10953 | D:11     | Found a staircase to the Lair.
 10977 | D:11     | 10977 ||| Stepping ~*~*~tactically~*~*~ (stealth).
 10984 | D:11     | Received a gift from Okawaru
 10984 | D:11     | Reached **** piety under Okawaru
 10987 | D:11     | Noticed a manticore
 10988 | D:11     | 10988 ||| Stepping ~*~*~tactically~*~*~ (stealth).
 10993 | D:11     | 10993 ||| INVOKING Heroism.
 11001 | D:11     | Reached skill level 9 in Armour
 11003 | D:11     | Killed a manticore
 11284 | D:11     | 11284 ||| Stepping ~*~*~tactically~*~*~ (hiding).
 11288 | D:11     | 11288 ||| Stepping ~*~*~tactically~*~*~ (stealth).
 11370 | D:11     | 11370 ||| Stepping ~*~*~tactically~*~*~ (hiding).
 11381 | D:11     | 11381 ||| INVOKING Heroism.
 11384 | D:11     | Reached skill level 3 in Throwing
 11506 | D:11     | Noticed a boulder beetle
 11507 | D:11     | 11507 ||| INVOKING Heroism.
 11509 | D:11     | 11509 ||| Stepping ~*~*~tactically~*~*~ (stealth).
 11518 | D:11     | Killed a boulder beetle
 11521 | D:11     | Reached XP level 12. HP: 77/77 MP: 15/15
 11540 | D:11     | 11540 ||| INVOKING Heroism.
 11827 | D:11     | 11827 ||| UPGRADING to amulet of the acrobat.
 11832 | D:11     | 11832 ||| PLANNING LAIR
 11832 | D:11     | 11832 ||| DROPPING ring of positive energy.
 11833 | D:11     | 11833 ||| READING 2 scrolls labelled UBBIWE POGU.
 11834 | D:11     | 11834 ||| DROPPING scroll of fear.
 11860 | Lair:1   | Entered Level 1 of the Lair of Beasts
 11860 | Lair:1   | Found a gate leading to a gauntlet.
 11861 | Lair:1   | 11861 ||| PLANNING GAUNTLET
 11871 | Lair:1   | Reached skill level 6 in Invocations
 11891 | Gauntlet | Entered a Gauntlet
 11891 | Gauntlet | Found a transporter.
 11904 | Gauntlet | Found a transporter.
 11915 | Gauntlet | Found a transporter.
 11920 | Gauntlet | Found a transporter.
 11935 | Gauntlet | Found a transporter.
 11950 | Gauntlet | Noticed a quicksilver ooze
 11954 | Gauntlet | Found a transporter.
 11964 | Gauntlet | Found the ring of the Mage {Wiz Archmagi}
 11966 | Gauntlet | Found a transporter.
 11974 | Gauntlet | Found a large runed translucent door.
 11975 | Gauntlet | Found a large runed translucent door.
 11975 | Gauntlet | Noticed an entropy weaver
 11976 | Gauntlet | Found a large runed translucent door.
 11976 | Gauntlet | Found a large runed translucent door.
 11977 | Gauntlet | Found a runed translucent gate.
 11978 | Gauntlet | Found a transporter.
 11978 | Gauntlet | Found a runed translucent gate.
 11979 | Gauntlet | Found a runed translucent gate.
 11980 | Gauntlet | Found a large runed translucent door.
 11980 | Gauntlet | Found a large runed translucent door.
 11981 | Gauntlet | Found a large runed translucent door.
 11982 | Gauntlet | Found a large runed translucent door.
 11987 | Gauntlet | Noticed a dire elephant
 11990 | Gauntlet | Found a transporter.
 12002 | Gauntlet | Found a transporter.
 12002 | Gauntlet | Noticed a dire elephant
 12019 | Gauntlet | Found a transporter.
 12036 | Gauntlet | Found a transporter.
 12038 | Gauntlet | Found a transporter.
 12066 | Gauntlet | Found a transporter.
 12066 | Gauntlet | Found a transporter.
 12086 | Gauntlet | Found a transporter.
 12166 | Gauntlet | Found a transporter.
 12186 | Gauntlet | Found a large runed translucent door.
 12186 | Gauntlet | Found a large runed translucent door.
 12186 | Gauntlet | Found a runed translucent door.
 12186 | Gauntlet | Found a runed translucent door.
 12187 | Gauntlet | Found a large runed translucent door.
 12188 | Gauntlet | Found a large runed translucent door.
 12190 | Gauntlet | Found a transporter.
 12208 | Gauntlet | Found a large runed translucent door.
 12208 | Gauntlet | Found a large runed translucent door.
 12209 | Gauntlet | Found a large runed translucent door.
 12210 | Gauntlet | Found a large runed translucent door.
 12298 | Gauntlet | 12298 ||| INVOKING Heroism.
 12443 | Gauntlet | 12443 ||| INVOKING Heroism.
 12445 | Gauntlet | HP: 19/77 [chaos spawn (16)]
 12446 | Gauntlet | 12446 ||| DRINKING potion of heal wounds.
 12564 | Gauntlet | Identified the scarf of the Solstice {+Inv, Stlth+}
 12566 | Gauntlet | 12566 ||| DROPPING scarf of the Solstice {+Inv, Stlth+}.
 12578 | Gauntlet | 12578 ||| INVOKING Heroism.
 12584 | Gauntlet | Killed a quicksilver ooze
 12683 | Gauntlet | 12683 ||| READING scroll of enchant armour.
 12683 | Gauntlet | 12683 ||| ENCHANTING +1 helmet.
 12685 | Gauntlet | Identified the ring of the Cast Vote {rElec rF- Int+6
                  | Dex+3}
 12687 | Gauntlet | 12687 ||| DROPPING ring of the Cast Vote {rElec rF- Int+6
                  | Dex+3}.
 12700 | Gauntlet | Noticed a minotaur
 12701 | Gauntlet | 12701 ||| Stepping ~*~*~tactically~*~*~ (hiding).
 12705 | Gauntlet | 12705 ||| INVOKING Heroism.
 12709 | Gauntlet | Killed a minotaur
 12827 | Gauntlet | 12827 ||| DROPPING +0 pair of gloves of stealth.
 12852 | Lair:1   | 12852 ||| PLANNING LAIR
 12934 | Lair:1   | 12934 ||| INVOKING Heroism.
 13130 | Lair:1   | 13130 ||| INVOKING Heroism.
 13165 | Lair:1   | 13165 ||| Stepping ~*~*~tactically~*~*~ (stealth).
 13178 | Lair:1   | 13178 ||| INVOKING Heroism.
 13186 | Lair:1   | Reached skill level 13 in Axes
 13343 | Lair:1   | Noticed a catoblepas
 13345 | Lair:1   | 13345 ||| Stepping ~*~*~tactically~*~*~ (hiding).
 13349 | Lair:1   | 13349 ||| INVOKING Heroism.
 13351 | Lair:1   | Killed a catoblepas
 13719 | Lair:2   | Noticed a six-headed hydra
 13720 | Lair:2   | 13720 ||| INVOKING Heroism.
 13726 | Lair:2   | 13726 ||| SWAPPING to +1 flail of holy wrath.
 13739 | Lair:2   | 13739 ||| STAIRDANCE
 13741 | Lair:1   | Killed a six-headed hydra
 13894 | Lair:1   | 13894 ||| UPGRADING to +5 heavy war axe.
 13910 | Lair:2   | 13910 ||| Stepping ~*~*~tactically~*~*~ (stealth).
 13911 | Lair:2   | 13911 ||| Stepping ~*~*~tactically~*~*~ (stealth).
 13917 | Lair:2   | 13917 ||| INVOKING Heroism.
 13919 | Lair:2   | Reached skill level 9 in Invocations
 13924 | Lair:2   | Noticed Nergalle
 13928 | Lair:2   | Reached XP level 13. HP: 57/82 MP: 17/19
 13929 | Lair:2   | Reached ***** piety under Okawaru
 13938 | Lair:2   | Killed Nergalle
 14045 | Lair:2   | Identified the +5 dagger "Neom" {freeze, Contam rPois rN++
                  | Will+} (Okawaru gifted it to you on level 2 of the Lair of
                  | Beasts)
 14045 | Lair:2   | Received a gift from Okawaru
 14161 | Lair:2   | 14161 ||| UPGRADING to +0 broad axe.
 14162 | Lair:2   | 14162 ||| DROPPING +5 heavy war axe.
 14281 | Lair:2   | 14281 ||| Stepping ~*~*~tactically~*~*~ (hiding).
 14293 | Lair:2   | 14293 ||| INVOKING Heroism.
 14426 | Lair:2   | 14426 ||| INVOKING Heroism.
 14428 | Lair:2   | Found a staircase to the Swamp.
 14432 | Lair:2   | HP: 19/82 [swamp worm (3)]
 14433 | Lair:2   | 14433 ||| READING 2 scrolls of teleportation.
 14438 | Lair:2   | 14438 ||| READING scroll of teleportation.
 14653 | Lair:2   | 14653 ||| INVOKING Heroism.
 14671 | Lair:2   | 14671 ||| Stepping ~*~*~tactically~*~*~ (stealth).
 14674 | Lair:2   | 14674 ||| Stepping ~*~*~tactically~*~*~ (stealth).
 14677 | Lair:2   | 14677 ||| Stepping ~*~*~tactically~*~*~ (stealth).
 14681 | Lair:2   | 14681 ||| Stepping ~*~*~tactically~*~*~ (stealth).
 15048 | Lair:2   | 15048 ||| UPGRADING to amulet of faith.
 15074 | Lair:3   | 15074 ||| INVOKING Heroism.
 15137 | Lair:3   | 15137 ||| INVOKING Heroism.
 15142 | Lair:3   | 15142 ||| SWAPPING to +1 flail of holy wrath.
 15155 | Lair:3   | 15155 ||| UPGRADING to +0 broad axe.
 15244 | Lair:3   | 15244 ||| INVOKING Heroism.
 15246 | Lair:3   | Reached skill level 14 in Axes
 15395 | Lair:3   | Received a gift from Okawaru
 15492 | Lair:3   | 15492 ||| Stepping ~*~*~tactically~*~*~ (stealth).
 15635 | Lair:3   | Received a gift from Okawaru
 15788 | Lair:3   | 15788 ||| Stepping ~*~*~tactically~*~*~ (hiding).
 15789 | Lair:3   | 15789 ||| Stepping ~*~*~tactically~*~*~ (hiding).
 15803 | Lair:3   | Found a staircase to the Snake Pit.
 15810 | Lair:3   | 15810 ||| INVOKING Heroism.
 15816 | Lair:3   | HP: 11/84 [naga/+1 war axe of freezing (17)]
 15816 | Lair:3   | HP: 4/84 [constriction (3)]
 15817 | Lair:3   | 15817 ||| READING scroll of teleportation.
 15817 | Lair:3   | Mangled by a naga

Levels and vault maps discovered:
D:1:      psy_arrival_heroes, layout_basic, serial_bayou, serial_bayou_lagoon_b,
          serial_bayou_crossing, serial_bayou_pond_e, serial_bayou_shore_a,
          hellmonk_ecumenical_altar_zigzags, serial_shops, shop,
          nicolae_concentric_dashed_squares_mild, minmay_unequal
D:2:      layout_loops_corners, roderic_roman_lattice, minivault_26,
          uniq_terence, uniq_natasha
D:3:      layout_rooms
D:4:      layout_loops_cross, chequers_garden, minmay_checkerbox,
          uniq_blork_the_orc
D:5:      corexii_shack_village, layout_rooms, minitemple, water_boxes_lemuel,
          uniq_sigmund
D:6:      minmay_razor_zed, layout_loops_ring,
          minmay_temple_entry_statues_fountains,
          minmay_fractal_squares_gapless_5
D:7:      layout_basic, serial_shops, shop, minivault_24,
          nicolae_wooded_promenade, minivault_1, uniq_prince_ribbit1
D:8:      layout_rooms, nicolae_overflow_squiral, enter_ossuary_3,
          grunt_decor_cap
D:9:      layout_basic, mainiacjoe_overflow_paths
D:10:     kennysheep_ambush_hall, layout_grid_maze, orc_0_dummy, serial_shops,
          kennysheep_mini_moat, chequers_guarded_unrand_ignorance
D:11:     layout_roguey, erik_lair_orcish_takeover, pond
Temple:   chequers_temple_sunken
Lair:1:   layout_gridlike, gauntlet_entry_generic
Lair:2:   layout_misc_corridors, nicolae_swamp_entry_splash_gauntlet,
          uniq_nergalle
Lair:3:   layout_chaotic_city, minmay_snake_entry_guardpost_large,
          infiniplex_staircase_pool_2, lemuel_fruit_fields, lemuel_fruit_tree

Skill      XL: |  1  2  3  4  5  6  7  8  9 10 11 12 13 |
---------------+----------------------------------------+-----
Axes           | 2 3 4 5 7 8 9 11 12 13 14 | 14.0
Throwing       | 2 3 4 |  4.1
Fighting       | 4 6 7 8 9 10 11 | 11.0
Dodging        | 1 2 |  2.2
Armour         | 4 6 7 9 10 | 10.1
Invocations    | 1 4 9 10 | 10.0
Shields        | 4 6 |  6.9

Action                     |  1- 3 |  4- 6 |  7- 9 | 10-12 | 13-15 || total
---------------------------+-------+-------+-------+-------+-------++-------
  Melee: War axe           |   115 |   132 |   253 |   457 |    17 ||   974
         Flail             |       |       |       |    39 |     4 ||    43
         Broad axe         |       |       |       |       |   165 ||   165
  Throw: Boomerang         |       |    14 |    84 |    70 |    21 ||   189
         Javelin           |       |       |       |    42 |    46 ||    88
 Invoke: Heroism           |       |       |     6 |    27 |     7 ||    40
    Use: Scroll            |     4 |     5 |    10 |    13 |     3 ||    35
         Potion            |     1 |     1 |     2 |     6 |       ||    10
   Stab: Distracted        |       |       |     1 |       |       ||     1
 Armour: Scale mail        |    52 |     8 |       |       |       ||    60
         Skin              |     6 |       |       |       |       ||     6
         Chain mail        |       |    48 |    22 |       |       ||    70
         Plate armour      |       |       |    87 |   301 |   138 ||   526
  Dodge: Dodged            |    46 |    53 |   156 |   315 |   131 ||   701
  Block: Buckler           |    21 |    18 |    46 |   125 |    51 ||   261

Table legend:
 A = Non-vault XP
 B = Vault XP
 C = Vault XP percentage of total XP
 D = Non-vault monster count
 E = Vault monster count
 F = Vault count percentage of total count
                 A         B        C        D         E       F
            +---------+---------+-------+---------+---------+-------
      Total |   35593 |   11948 |  25.1 |     305 |      87 |  22.2
            +---------+---------+-------+---------+---------+-------
        D:1 |      32 |       8 |  20.0 |      18 |       4 |  18.2
        D:2 |      61 |      71 |  53.8 |      18 |       2 |  10.0
        D:3 |      58 |       0 |   0.0 |      19 |       0 |   0.0
        D:4 |     378 |     107 |  22.1 |      20 |       5 |  20.0
        D:5 |     394 |     228 |  36.7 |      11 |       8 |  42.1
        D:6 |     598 |     793 |  57.0 |      10 |      15 |  60.0
        D:7 |    1475 |     264 |  15.2 |      25 |       1 |   3.8
        D:8 |    3045 |       2 |   0.1 |      39 |       1 |   2.5
        D:9 |    2396 |       0 |   0.0 |      20 |       0 |   0.0
       D:10 |    1974 |    2113 |  51.7 |      18 |       8 |  30.8
       D:11 |    4384 |    1478 |  25.2 |      22 |      15 |  40.5
     Lair:1 |    7278 |       0 |   0.0 |      30 |       0 |   0.0
     Lair:2 |    4703 |    3066 |  39.5 |      25 |       6 |  19.4
     Lair:3 |    8817 |     326 |   3.6 |      30 |       2 |   6.2
    Ossuary |       0 |     317 | 100.0 |       0 |      11 | 100.0
   Gauntlet |       0 |    3175 | 100.0 |       0 |       9 | 100.0
            +---------+---------+-------+---------+---------+-------
